 Dungeon Crawl Stone Soup version 0.30-a0-777-ga9a30cbeda (webtiles) character file.

Game seed: 11192594684493043984

672 DEFE the Ruffian (level 7, -4/52 HPs)
             Began as a Demonspawn Wanderer on Feb 14, 2023.
             Slain by an ogre
             ... wielding a +0 giant spiked club
              (19 damage)
             ... on level 4 of the Dungeon.
             The game lasted 00:03:51 (3171 turns).

DEFE the Ruffian (Demonspawn Wanderer)              Turns: 3171, Time: 00:03:51

Health: -4/52      AC: 17    Str: 14    XL:     7   Next: 32%
Magic:  7/7        EV:  9    Int: 13    God:
Gold:   119        SH:  0    Dex: 13    Spells: 6/6 levels left

rFire   . . .      SeeInvis .      - Unarmed
rCold   . . .      Faith    .    (no shield)
rNeg    . . .      Spirit   .    s - +0 plate armour
rPois   +          Reflect  .    (no helmet)
rElec   .          Harm     .    (no cloak)
rCorr   .          Rampage  .    (no gloves)
Will    .....                    (no boots) Stlth
                                 (no amulet)
HPRegen 0.28/turn                p - ring of poison resistance
MPRegen 0.10/turn                w - +4 ring of protection

@: agile
A: slimy green scales 1, powered by pain 1, demonic touch 2
a: no special abilities


You were on level 4 of the Dungeon.
You visited 1 branch of the dungeon, and saw 6 of its levels.

You collected 119 gold pieces.

Inventory:

Hand Weapons
 a - a +0 sling
 d - a +0 dagger
 e - a +0 flail
Missiles
 c - 17 poisoned darts (quivered)
Armour
 b - a +0 chain mail
 s - a +0 plate armour (worn)
Jewellery
 p - a ring of poison resistance (left hand)
 r - a +6 ring of strength
 w - a +4 ring of protection (right hand)
Wands
 v - a wand of quicksilver (5)
Scrolls
 f - a scroll of identify
 g - a scroll of teleportation
 h - 2 scrolls of enchant armour
 j - a scroll of blinking
 k - a scroll of amnesia
 n - a scroll of torment {unknown}
 q - 2 scrolls of enchant weapon {unknown}
 x - a scroll of fear {unknown}
Potions
 i - a potion of heal wounds {unknown}
 l - a potion of curing
 m - a potion of flight {unknown}
 o - a potion of haste
 t - a potion of brilliance {unknown}
 u - a potion of ambrosia {unknown}


   Skills:
 - Level 3.0 Fighting
 - Level 2.1 Maces & Flails
 - Level 1.7 Ranged Weapons
 - Level 1.7 Throwing
 - Level 2.6 Armour
 - Level 1.0 Dodging
 + Level 6.2 Unarmed Combat
 - Level 1.2 Invocations


You had 6 spell levels left.
You didn't know any spells.
Your spell library contained the following spells:

 Spells                   Type           Power      Damage    Failure   Level
 Summon Small Mammal      Summ           0%         N/A       100%        1
 Blink                    Tloc           0%         N/A       100%        2
 Ensorcelled Hibernation  Hex/Ice        0%         N/A       100%        2
 Lesser Beckoning         Tloc           0%         N/A       100%        2
 Momentum Strike          Conj/Tloc      0%         3d8       100%        2
 Passwall                 Tmut/Erth      0%         N/A       100%        2
 Call Canine Familiar     Summ           0%         N/A       100%        3
 Summon Guardian Golem    Hex/Summ       0%         N/A       100%        3
 Swiftness                Air            0%         N/A       100%        3


Dungeon Overview and Level Annotations

Branches:
Dungeon (6/15)
 Temple: D:4-7

Altars:
Nemelex Xobeh
Yredelemnul

Annotations:
D:4 Dowan, Duvessa


Innate Abilities, Weirdness & Mutations

You are partially covered in slimy green scales. (AC +2)
You sometimes gain a little power by taking damage.
Your touch may inflict irresistible damage on your foes.


Message History

Health restored: 52 Unknown command.
q - 2 scrolls labelled PAYKUW MAFAS (gained 1)
Things that are here:
a +0 dire flail; a +2 robe of fire resistance; the orc corpse of Blork the orc
x - a scroll labelled JOUSHR NAUZEIPU
f - 4 scrolls of identify (gained 1)
Found a stone staircase leading up.
An ogre comes into view. It is wielding a +0 giant spiked club.
The ogre shouts!
As you read the scroll of identify, it crumbles to dust.
h - 2 scrolls of enchant armour
As you read the scroll of identify, it crumbles to dust.
j - a scroll of blinking
As you read the scroll of identify, it crumbles to dust.
k - a scroll of amnesia You closely miss the ogre.
The ogre hits you with a +0 giant spiked club!!
You take 19 damage, and have 33/52 hp.
MASSIVE DAMAGE!!
You barely miss the ogre. You hit the ogre. Your touch misses the ogre.
The ogre hits you with a +0 giant spiked club.
You take 3 damage, and have 31/52 hp.
Unknown command.
You hit the ogre. You punch the ogre, but do no damage. You punch the ogre!
The ogre completely misses you.
Unknown command.
You hit the ogre but do no damage.
The ogre hits you with a +0 giant spiked club!
* * * LOW HITPOINT WARNING * * *
You focus on the pain.
You feel agile all of a sudden.
You take 16 damage, and have 15/52 hp.
MASSIVE DAMAGE!!
You hit the ogre.
Unknown command.
You barely miss the ogre.
The ogre hits you with a +0 giant spiked club!!
You die...

#.....†.....).
#...##..#####).))[.
#.......#...'...)).
#.......#...#......
#......?#...####'##
###.......#...##.....
#.......###.<.##.....
#...O...#.....#######
#...@<..#.....##.....
#.......+......).....
#.......#+######†....
###.....# ##.....
#.....# #......
#.....# ##.....
#.....########...[.
#............#.....
#............#.....


You could see an ogre.

Vanquished Creatures
  Menkaure (D:4)
  A sky beast (D:6)
  Blork the orc (D:4)
  A bullfrog (D:6)
  A howler monkey (D:5)
  3 hounds
  2 orc wizards (D:4)
  4 gnolls (D:2)
  6 adders
  A white imp (D:6)
  2 orcs (D:4)
  4 ball pythons
  3 endoplasms
  A giant cockroach (D:3)
  5 goblins
  3 hobgoblins
  4 jackals (D:2)
  4 quokkas
  3 frilled lizards
  8 kobolds
  5 rats
63 creatures vanquished.

Vanquished Creatures (others)
  9 plants (D:3)
9 creatures vanquished.

Grand Total: 72 creatures vanquished

Notes
Turn   | Place    | Note
-------+----------+-------------------------------------------
     0 | D:1      | DEFE the Demonspawn Wanderer began the quest for the Orb.
     0 | D:1      | DEFE set off with the following items: a +0 sling, a +0
                  | chain mail, 13 poisoned darts, a +0 dagger, a potion of
                  | haste.
     0 | D:1      | Reached XP level 1. HP: 15/15 MP: 1/1
   510 | D:1      | Gained mutation: You sometimes gain a little power by
                  | taking damage. [demonic ancestry]
   510 | D:1      | Reached XP level 2. HP: 22/22 MP: 2/2
   898 | D:2      | Reached skill level 1 in Maces & Flails
  1039 | D:2      | Reached XP level 3. HP: 17/28 MP: 3/3
  1709 | D:2      | Gained mutation: Your touch may inflict minor irresistible
                  | damage on your foes. [demonic ancestry]
  1709 | D:2      | Reached XP level 4. HP: 34/35 MP: 4/4
  2125 | D:3      | Reached skill level 1 in Unarmed Combat
  2288 | D:3      | You fall into a shaft and drop 3 floors!
  2292 | D:6      | Noticed a bullfrog
  2295 | D:6      | Reached skill level 2 in Unarmed Combat
  2295 | D:6      | Noticed a sky beast
  2299 | D:6      | Killed a bullfrog
  2300 | D:6      | Reached skill level 3 in Unarmed Combat
  2300 | D:6      | Reached XP level 5. HP: 31/41 MP: 5/5
  2328 | D:6      | Killed a sky beast
  2329 | D:6      | Reached skill level 4 in Unarmed Combat
  2329 | D:6      | Gained mutation: Your touch may inflict irresistible damage
                  | on your foes. [demonic ancestry]
  2329 | D:6      | Reached XP level 6. HP: 6/47 MP: 6/6
  2609 | D:5      | Entered Level 5 of the Dungeon
  2778 | D:4      | Noticed Dowan
  2780 | D:4      | Noticed Duvessa
  2789 | D:4      | Noticed Menkaure
  2882 | D:4      | Reached skill level 5 in Unarmed Combat
  2983 | D:4      | Killed Menkaure
  2984 | D:4      | Gained mutation: You are partially covered in slimy green
                  | scales. (AC +2) [demonic ancestry]
  2984 | D:4      | Reached XP level 7. HP: 49/52 MP: 7/7
  3081 | D:4      | Found a sparkling altar of Nemelex Xobeh.
  3081 | D:4      | Found a basalt altar of Yredelemnul.
  3083 | D:4      | Noticed Blork the orc
  3092 | D:4      | Killed Blork the orc
  3093 | D:4      | Reached skill level 6 in Unarmed Combat
  3171 | D:4      | Slain by an ogre

Illustrated notes

Levels and vault maps discovered:
D:1:      nzn_arrival_settlement, layout_basic
D:2:      layout_loops_corners
D:3:      layout_loops_ring, serial_bayou, serial_bayou_shore_b,
          serial_bayou_pond_a, serial_bayou_ford_a, serial_bayou_lake_a,
          kennysheep_generic_room_11
D:4:      layout_gridville, mainiacjoe_overflow_large_starburst,
          nicolae_shop_clearance, uniq_menkaure, uniq_ijyb, uniq_duvessa,
          uniq_natasha, uniq_blork_the_orc
D:5:      nicolae_cairo_tiling, layout_gridville
D:6:      layout_rooms

Skill      XL: |  1  2  3  4  5  6  7 |
---------------+----------------------+-----
Fighting       | 2 3 |  3.0
Maces & Flails | 1 2 |  2.1
Unarmed Combat | 3 4 5 6 |  6.2
Ranged Weapons | |  1.7
Throwing       | |  1.7
Armour         | |  2.6
Dodging        | |  1.0
Invocations    | |  1.2

Action                     |  1- 3 |  4- 6 |  7- 9 || total
---------------------------+-------+-------+-------++-------
  Melee: Mace              |    81 |    39 |       ||   120
         Touch             |       |    13 |     7 ||    20
         Unarmed           |       |    75 |    32 ||   107
         Punch             |       |     1 |     2 ||     3
   Fire: Sling             |    17 |       |       ||    17
  Evoke: Wand              |       |     1 |       ||     1
    Use: Potion            |     1 |     3 |       ||     4
         Scroll            |       |     2 |     3 ||     5
 Armour: Chain mail        |    59 |     4 |       ||    63
         Plate armour      |       |    86 |    18 ||   104
  Dodge: Dodged            |    34 |    23 |     5 ||    62

Table legend: (Time is in decaauts)
 A = Elapsed time spent in this place.
 B = Non-inter-level travel time spent in this place.
 C = Inter-level travel time spent in this place.
 D = Time resting spent in this place.
 E = Time spent auto-exploring this place.
 F = Levels seen in this place.
 G = Mean time per level.
                   A        B        C        D        E       F      G
               +--------+--------+--------+--------+--------+-----+--------+
         Total |   3206 |   3107 |     99 |    679 |   1781 |   6 |  534.3 |
       Dungeon |   3206 |   3107 |     99 |    679 |   1781 |   6 |  534.3 |
               +--------+--------+--------+--------+--------+-----+--------+

Top non-repeatable levels by time:
     D:2: 1063 daAuts
     D:1: 928 daAuts
     D:4: 385 daAuts
     D:3: 341 daAuts
     D:6: 320 daAuts
     D:5: 168 daAuts
